 Dungeon Crawl Stone Soup version 0.20-a0-59-g66a9409 (webtiles) character file.

244 KristoblXynda the Stinger (level 5, -1/38 HPs)
             Began as a Draconian Venom Mage on Nov 16, 2016.
             Slain by an orc
             ... wielding a +0 flail
              (6 damage)
             ... on level 4 of the Dungeon.
             The game lasted 00:08:18 (4050 turns).

KristoblXynda the Stinger (Draconian Venom Mage)    Turns: 4050, Time: 00:08:18

Health: -1/38      AC:  6    Str: 10    XL:     5   Next: 83%
Magic:  0/10       EV: 12    Int: 16    God:
Gold:   153        SH:  0    Dex: 12    Spells: 2 memorised, 7 levels left

rFire  . . .     SeeInvis .     e - +0 dagger
rCold  . . .     Gourm    .     (armour unavailable)
rNeg   . . .     Faith    .     (no shield)
rPois  .         Spirit   .     (helmet restricted)
rElec  .         Reflect  .     (no cloak)
rCorr  .         Harm     .     (no gloves)
MR     .....                    m - +0 pair of boots
Stlth  +++.......               (no amulet)
                                (no ring)
                                o - ring of stealth

@: hasted, very quick
A: unfitting armour, cold-blooded, AC +5
a: no special abilities


You were on level 4 of the Dungeon.
You were not hungry.

You visited 1 branch of the dungeon, and saw 4 of its levels.

You collected 153 gold pieces.

Inventory:

Hand Weapons
 e - a +0 dagger (weapon)
Missiles
 h - a throwing net (quivered)
Armour
 m - a +0 pair of boots (worn)
Jewellery
 o - a ring of stealth (left hand)
Wands
 i - a wand of lightning (13/15)
 r - a wand of paralysis (17/24)
Scrolls
 d - a scroll of fear
 g - a scroll of teleportation
Potions
 c - a potion of mutation
 k - 2 potions of cure mutation
 p - a potion of agility
Books
 a - a Young Poisoner's Handbook

   Spells                             Type                      Level
   a - Sting                          Conjuration/Poison           1
   b - Mephitic Cloud                 Conjuration/Poison/Air       3
   c - Olgreb's Toxic Radiance        Poison                       4
   d - Alistair's Intoxication        Transmutation/Poison         5
   e - Venom Bolt                     Conjuration/Poison           5
Comestibles
 b - 3 bread rations
 n - a meat ration
 q - 3 fruits


   Skills:
 - Level 1.7 Dodging
 - Level 1.7 Stealth
 + Level 3.6 Spellcasting
 + Level 3.0 Conjurations
 + Level 5.3 Poison Magic


You had 7 spell levels left.
You knew the following spells:

 Your Spells              Type           Power        Failure   Level  Hunger
a - Sting                 Conj/Pois      ###.         3%          1    None
b - Mephitic Cloud        Conj/Pois/Air  ##......     17%         3    ###....


Dungeon Overview and Level Annotations

Branches:
Dungeon (4/15)
 Temple: D:4-7

Altars:

Shops:
D:4 (


Innate Abilities, Weirdness & Mutations

Your plain brown scales are hard. (AC +5)
You cannot fit into any form of body armour.
You are cold-blooded and may be slowed by cold attacks.


Message History

The orc barely misses you. The orc hits you with a flail.
* * * LOW HITPOINT WARNING * * *
You feel a little less clever now.
Casting: Sting
Confirm with . or Enter, or press ? or * to list all spells.
Aiming: Sting
Press: ? - help, Shift-Dir - straight line, f/p - orc
Aim: an orc, wielding a flail and wearing a chain mail The sting hits the orc.
The orc appears unharmed.
The orc hits you with a flail.
* * * LOW HITPOINT WARNING * * *
Casting: Sting
Confirm with . or Enter, or press ? or * to list all spells.
Aiming: Sting
Press: ? - help, Shift-Dir - straight line, f/p - orc
Aim: an orc, wielding a flail and wearing a chain mail The sting hits the orc.
The orc appears unharmed.
The orc closely misses you.
You feel yourself speed up. The orc hits you with a flail.
You die...

......######.#....(##
.....## #...........#
###...###.###..)....#
# ##......###)......#
# #..#............##
# ##...#####.......#
####..<..# #.......#
.....###.## #..>....#
.##### #..####.o@..##
..# ##..##.....##
#.## ##.....#### #..#
#.....# ##.#####
#.....#
##.....###.....#
...............#
######.>##.....# #
#.##.....#


You could see an orc.

Vanquished Creatures
  An orc priest (D:4)
  2 orc wizards (D:3)
  6 adders
  2 oozes
  2 worms (D:3)
  4 dart slugs
  2 leopard geckos
  11 orcs
  2 giant cockroaches (D:3)
  4 goblins
  11 hobgoblins
  4 jackals (D:3)
  6 kobolds
  3 ball pythons
  8 bats
  9 frilled lizards
  7 rats
84 creatures vanquished.

Notes
Turn   | Place    | Note
-------+----------+-------------------------------------------
     0 | D:1      | KristoblXynda the Draconian Venom Mage began the quest for the Orb.
     0 | D:1      | Reached XP level 1. HP: 14/14 MP: 3/3
   503 | D:1      | Reached XP level 2. HP: 20/20 MP: 1/5
   657 | D:1      | Reached skill level 1 in Conjurations
  1007 | D:1      | Reached XP level 3. HP: 16/26 MP: 3/6
  2184 | D:2      | Reached XP level 4. HP: 33/33 MP: 6/8
  2561 | D:3      | Learned a level 3 spell: Mephitic Cloud
  3152 | D:3      | Reached skill level 5 in Poison Magic
  3152 | D:3      | Reached XP level 5. HP: 34/38 MP: 4/9
  3853 | D:4      | Found Yvolom's Weapon Boutique.
  4050 | D:4      | Slain by an orc

Vault maps used:
D:1:      co_arrival_hexagon_in_a_hexagon
D:3:      first_bread, minmay_hedge_maze
D:4:      serial_shops, kennysheep_little_box, nicolae_ossuary_entry_plus

Skill      XL: |  1  2  3  4  5 |
---------------+----------------+-----
Conjurations   | 1 2 3 |  3.0
Spellcasting   | 3 |  3.6
Poison Magic   | 5 |  5.3
Dodging        | |  1.7
Stealth        | |  1.7

Action                   |  1- 3 |  4- 6 || total
-------------------------+-------+-------++-------
Melee: Dagger            |    58 |   122 ||   180
       Unarmed           |     1 |       ||     1
       Tailslap          |     4 |     9 ||    13
 Cast: Sting             |    43 |    99 ||   142
Evoke: Wand              |       |     1 ||     1
  Use: Scroll            |     9 |     4 ||    13
       Potion            |       |     4 ||     4
 Stab: Sleeping          |     5 |     2 ||     7
  Eat: Chunk             |     4 |     5 ||     9
       Pizza             |       |     1 ||     1
Armor: Skin              |    27 |    45 ||    72
Dodge: Dodged            |    41 |   115 ||   156
